 Dungeon Crawl Stone Soup version 0.31-a0-750-gfe7b580527 (webtiles) character file.

Game seed: 16348696055402077258

37 cforsyth the Sneak (level 3, -1/31 HPs)
             Began as a Djinni Delver on Sept 14, 2023.
             Slain by a quokka (3 damage)
             ... on level 3 of the Dungeon.
             The game lasted 00:00:53 (390 turns).

cforsyth the Sneak (Djinni Delver)                   Turns: 390, Time: 00:00:54

Health: -1/31      AC:  3    Str:  9 (11) XL:     3   Next: 60%
Gold:   43         EV: 11    Int: 11 (13) God:
                   SH:  0    Dex: 11 (14)

rFire   + + .        a - +0 falchion
rCold   x . .        (no shield)
rNeg    . . .        b - +0 leather armour
rPois   ∞            (no helmet)
rElec   .            (no cloak)
rCorr   .            (no gloves)
SInv    .            (boots unavailable)
Will    .....        (no amulet)
Stlth   ++           (no ring)
HPRegen 0.25/turn    (no ring)
MPRegen 0.00/turn

%: infuse magic (-2 HP)
@: brilliant, flying
A: sickness immunity, fire resistance 2, cold vulnerability 1, float, innate
caster, HP casting, extra vitality 1
a: no special abilities


You were on level 3 of the Dungeon.
You visited 1 branch of the dungeon, and saw 3 of its levels.

You collected 43 gold pieces.

Inventory:

Hand Weapons
 a - a +0 falchion (weapon)
Armour
 b - a +0 leather armour (worn)
Wands
 g - a wand of digging (3)
Scrolls
 c - a scroll of fog
 d - a scroll of revelation
 e - a scroll of fear
 k - a scroll of enchant armour {unknown}
Potions
 f - 2 potions of haste


   Skills:
 + Level 3.7 Fighting
 - Level 1.7 Long Blades
 - Level 2.1 Dodging
 - Level 4.1 Stealth
 + Level 1.3 Spellcasting
 + Level 1.3 Conjurations
 + Level 1.3 Hexes
   Level 0.0 Charms
 + Level 1.3 Summonings
 + Level 1.3 Necromancy
 + Level 1.3 Translocations
 + Level 1.3 Transmutations
 + Level 1.3 Fire Magic
 + Level 1.3 Ice Magic
 + Level 1.3 Air Magic
 + Level 1.3 Earth Magic
 + Level 1.3 Poison Magic


You knew the following spells:

 Your Spells              Type           Power      Damage    Failure   Level
a - Shock                 Conj/Air       20%        1d4       26%         1
Your spell library was empty.

Dungeon Overview and Level Annotations

Branches:
Dungeon (5/15)
 Temple: D:4-7

Altars:


Innate Abilities, Weirdness & Mutations

You are immune to sickness and miasma.
You are immune to poison.
Your flesh is very heat resistant. (rF++)
You are vulnerable to cold. (rC-)
You float through the air rather than walking.
You learn spells naturally, not from books.
Your magical power is your life essence.
You have superior vitality. (+4 MHP)


Message History

The hound bites you but does no damage.
It was a potion of brilliance.
You feel clever all of a sudden. The quokka misses you.
The hound barely misses you.
It was a potion of curing.
You feel better. The quokka closely misses you. The hound bites you.
* * * LOW HITPOINT WARNING * * *
The quokka closely misses you. The hound barely misses you.
You hit the hound.
The hound is moderately wounded.
The hound closely misses you. The quokka misses you.
You hit the hound.
The hound is severely wounded.
The hound bites you but does no damage.
The quokka bites you but does no damage.
The hound bites you but does no damage.
You closely miss the hound.
The hound is severely wounded.
The hound closely misses you. The quokka completely misses you.
The hound bites you.
* * * LOW HITPOINT WARNING * * *
The quokka misses you.
You closely miss the hound.
The hound is severely wounded.
The hound bites you.
* * * LOW HITPOINT WARNING * * *
The quokka bites you but does no damage.
The hound barely misses you.
You hit the hound.
The hound is severely wounded.
The quokka bites you but does no damage.
The hound barely misses you. The quokka bites you.
* * * LOW HITPOINT WARNING * * *
The hound barely misses you.
You miss the hound.
The hound is severely wounded.
The hound bites you.
* * * LOW HITPOINT WARNING * * *
The quokka bites you.
You die...

### #.# ..# #$#
#.# ###### #.#
##....###.#
#####.....#...####
...............h@#
##..##+##.....##r#
##.## ##....##.#
...# #.#####.#
...# #.# #.# ...+
+.# #.# ##.# #..
#.# #.# #.. #.#
$.#


You could see a hound and a quokka.

Vanquished Creatures
  3 adders
  A dart slug (D:3)
  An orc (D:4)
  An endoplasm (D:3)
  A frilled lizard (D:3)
  A kobold (D:4)
8 creatures vanquished.

Notes
Turn   | Place    | Note
-------+----------+-------------------------------------------
     0 | D:5      | cforsyth the Djinni Delver began the quest for the Orb.
     0 | D:5      | Reached XP level 1. HP: 20/20 MP: 0/0
    30 | D:5      | Reached XP level 2. HP: 16/25 MP: 0/0
   161 | D:4      | Noticed an ogre
   162 | D:4      | Reached skill level 1 in Spellcasting
   162 | D:4      | Reached skill level 1 in Conjurations
   162 | D:4      | Reached skill level 1 in Hexes
   162 | D:4      | Reached skill level 1 in Summonings
   162 | D:4      | Reached skill level 1 in Necromancy
   162 | D:4      | Reached skill level 1 in Translocations
   162 | D:4      | Reached skill level 1 in Transmutations
   162 | D:4      | Reached skill level 1 in Fire Magic
   162 | D:4      | Reached skill level 1 in Ice Magic
   162 | D:4      | Reached skill level 1 in Air Magic
   162 | D:4      | Reached skill level 1 in Earth Magic
   162 | D:4      | Reached skill level 1 in Poison Magic
   162 | D:4      | Reached XP level 3. HP: 14/30 MP: 0/0
   162 | D:4      | Learned a level 1 spell: Shock
   390 | D:3      | Slain by a quokka

Illustrated notes

Levels and vault maps discovered:
D:3:      layout_basic, mainiacjoe_overflow_cross_hatched, old_standard_altar,
          minivault_26, minmay_box_of_dots
D:4:      layout_cave_pools
D:5:      minmay_chambers_of_fours, layout_rooms, minmay_temple_entry_tees,
          gup_sewer_entry_bowl, serial_bayou, serial_bayou_shore_b,
          serial_bayou_crossing, serial_bayou_pond_d, serial_bayou_lagoon_b,
          amcnicky_mini_pool_small, minmay_a_box_with_orc_wizards_in_it

Skill      XL: |  1  2 |
---------------+-------+-----
Spellcasting   | 1 |  1.3
Conjurations   | 1 |  1.3
Hexes          | 1 |  1.3
Summonings     | 1 |  1.3
Necromancy     | 1 |  1.3
Translocations | 1 |  1.3
Transmutations | 1 |  1.3
Fire Magic     | 1 |  1.3
Ice Magic      | 1 |  1.3
Air Magic      | 1 |  1.3
Earth Magic    | 1 |  1.3
Poison Magic   | 1 |  1.3
Fighting       | |  3.7
Long Blades    | |  1.7
Dodging        | |  2.1
Stealth        | |  4.1

Action                     || total
---------------------------++-------
  Melee: Falchion          ||    56
    Use: Potion            ||     3
   Stab: Sleeping          ||     1
 Armour: Leather armour    ||    52
  Dodge: Dodged            ||    51

Table legend: (Time is in decaauts)
 A = Elapsed time spent in this place.
 B = Non-inter-level travel time spent in this place.
 C = Inter-level travel time spent in this place.
 D = Time resting spent in this place.
 E = Time spent auto-exploring this place.
 F = Levels seen in this place.
 G = Mean time per level.
                   A        B        C        D        E       F      G
               +--------+--------+--------+--------+--------+-----+--------+
         Total |    401 |    391 |     10 |      0 |    249 |   3 |  133.7 |
       Dungeon |    401 |    391 |     10 |      0 |    249 |   3 |  133.7 |
               +--------+--------+--------+--------+--------+-----+--------+

Top non-repeatable levels by time:
     D:3: 213 daAuts
     D:5: 142 daAuts
     D:4: 45 daAuts
